AoeStats
← Sir_Malmsteen

Four Lakes

509745553Analyzed
1v1 RM · 4d ago on Sep 27, 2026· 40m 10s· 2 players
Game mode
Random Map
Map size
Tiny (2 player)
Population
200
Speed
Normal
Resources
Standard
Victory
Conquest
Starting age
Dark Age
Ending age
Imperial Age
RankedLock teamsTeams togetherTeam positionsShared explorationLock speedFull tech treeHidden civsTurbo modeCheats
Victory
Defeat
🇬🇧 Varangians · United Kingdom
1239
+15
🇦🇷 Celts · Argentina
1214
-15
Sir_Malmsteen
6:25 Loom
11:09 Feudal Age
12:20 Double-Bit Axe
17:24 Town Watch
23:53 Castle Age
21:49 Gold Mining
21:51 Fishing Lines
24:48 Bow Saw
24:21 Demolition Ship
24:51 Pikeman
27:26 Gillnets
29:35 Wheelbarrow
29:13 Scale Barding Armor
30:59 Chain Barding Armor
31:51 Hand Cart
32:51 Forging
33:47 Gambesons
35:11 Scale Mail Armor
36:27 Iron Casting
36:29 Stone Mining
37:28 Chain Mail Armor
Thrillho
6:42 Loom
11:08 Feudal Age
11:54 Double-Bit Axe
13:24 Bloodlines
15:12 Forging
15:07 Fletching
22:25 Castle Age
23:26 Medium Warships
23:22 Bodkin Arrow
23:44 Husbandry
23:49 Crossbowman
25:37 Scale Barding Armor
27:17 Gold Mining
28:46 Wheelbarrow
30:32 Hand Cart
32:42 Stone Mining
34:49 Town Watch
35:58 Chain Barding Armor
37:00 Iron Casting
41:52 Imperial Age
Connection lost

Rejoining the realm…

Still unreachable

The connection could not be restored.

Session expired

The server has moved on; the page needs a fresh start.